[Event "Team 45 45 League T23"]
[Site "Internet Chess Club"]
[Date "2004.07.29"]
[Round "7"]
[White "SluMan"]
[Black "softbunney"]
[Result "1-0"]
[WhiteElo "2036"]
[BlackElo "2137"]
[TimeControl "2700+45"]

1. d4 d5 2. c4 c6 3. Nf3 e6 4. cxd5 cxd5 5. Nc3 Nc6 6. g3 Nf6 7. Bg2 Be7 8. O-O
O-O 9. a3 a6 10. Bg5 h6 11. Bf4 Ne4 12. Nxe4 dxe4 13. Ne5 Nxd4 14. Bxe4 Qb6 15.
Nc4 Qa7 16. Rc1 Rd8 17. e3 Nc6 18. Qf3 Bd7 19. Bc7 Rdc8 20. Bb6 Qb8 21. Rfd1 Be8
22. Bb1 Bf6 23. Qe4 Ne5 24. Nxe5 Qxe5 25. Qh7+ Kf8 26. b4 Ke7 27. Bc5+ Rxc5 28.
Rxc5 Qb8 29. Be4 b6 30. Rc2 Ra7 31. Rdc1 Bd7 32. Bc6 Bxc6 33. Rxc6 Rd7 34. Qc2
Be5 35. Rd1 Qb7 36. Rxd7+ Kxd7 37. Rc4 b5 38. Qd3+ Bd6 39. Rd4 Qb6 40. e4 Ke7
41. Kg2 g5 42. Qd2 e5 43. Rd5 Qc6 44. h3 f6 45. Kf3 a5 46. Rxd6 Qxd6 47. Qxd6+
Kxd6 48. Kg4 axb4 49. axb4 Ke6 50. Kh5 f5 51. f3 g4 52. hxg4 fxe4 53. fxe4 Kf7
54. Kxh6 Kf6 55. g5+ Kf7 56. Kh7 {Black resigns} 1-0

[Event "Team 45 45 League T23"]
[Site "Internet Chess Club"]
[Date "2004.08.02"]
[Round "7"]
[White "Unbeliever"]
[Black "frentz"]
[Result "0-1"]
[WhiteElo "1914"]
[BlackElo "1973"]
[TimeControl "2700+45"]

1. e4 c6 2. d4 d5 3. f3 e6 4. Nc3 Bb4 5. Ne2 Ne7 6. Be3 Nd7 7. Qd2 Nb6 8. a3 Nc4
9. Qd3 Nxb2 10. Qd2 Nc4 11. Qc1 Ba5 12. Kf2 Nxe3 13. Qxe3 O-O 14. g4 f5 15. gxf5
dxe4 16. f6 Nd5 17. Nxd5 exd5 18. fxe4 Qxf6+ 19. Kg2 Bd2 20. Qg3 dxe4 21. Rd1
Qf3+ {White resigns} 0-1

[Event "Team 45 45 League T23"]
[Site "Internet Chess Club"]
[Date "2004.07.29"]
[Round "7"]
[White "billarvola"]
[Black "CraigCKlein"]
[Result "1-0"]
[WhiteElo "1995"]
[BlackElo "1762"]
[TimeControl "2700+45"]

1. d4 Nf6 2. c4 e6 3. g3 c5 4. Nf3 cxd4 5. Nxd4 a6 6. Bg2 Nc6 7. O-O Be7 8. Nc3
O-O 9. e4 Qc7 10. Nde2 b6 11. Bf4 d6 12. Rc1 Ne5 13. b3 Bb7 14. h3 Nfd7 15. Be3
f5 16. Nd4 Rf6 17. Bg5 Nf8 18. Bxf6 Bxf6 19. Nf3 Nxf3+ 20. Bxf3 Bxc3 21. Rxc3
fxe4 22. Bg2 d5 23. Qd2 Qe5 24. cxd5 Bxd5 25. Rfc1 Nd7 26. Rc8+ Rxc8 27. Rxc8+
Kf7 28. Qc3 Qxc3 29. Rxc3 Ne5 30. Re3 Nf3+ 31. Bxf3 exf3 32. Kf1 h6 33. h4 b5
34. b4 g5 35. hxg5 hxg5 36. Ke1 Kf6 37. Kd2 g4 38. Ra3 Bb7 39. Ke3 Ke5 40. Rc3
Bd5 41. Rc5 Kd6 42. a3 e5 43. Rc8 Kd7 44. Rh8 {Black resigns} 1-0

[Event "Team 45 45 League T23"]
[Site "Internet Chess Club"]
[Date "2004.07.30"]
[Round "7"]
[White "fledermaus"]
[Black "elnik"]
[Result "1-0"]
[WhiteElo "1988"]
[BlackElo "1911"]
[TimeControl "2700+45"]

1. e4 c5 2. Nf3 Nc6 3. Bb5 g6 4. O-O Bg7 5. c3 Nf6 6. Qa4 O-O 7. d4 Nxe4 8. d5
Nd6 9. dxc6 dxc6 10. Be2 Bf5 11. Be3 b5 12. Qd1 c4 13. Nd4 Bd7 14. Qc1 e5 15.
Nc2 Nf5 16. Rd1 Nxe3 17. Qxe3 Qe7 18. Nd2 f5 19. f3 a5 20. b3 cxb3 21. Nxb3 Be6
22. Nc5 f4 23. Qf2 Bf5 24. Bd3 Rad8 25. Be4 Rd6 26. Ne1 Rfd8 27. Rxd6 Rxd6 28.
Ned3 Bc8 29. Rd1 g5 30. Nb2 h5 31. Rxd6 Qxd6 32. Bc2 a4 33. Ne4 Qe7 34. Qd2 g4
35. Nd6 Be6 36. Qd3 gxf3 37. gxf3 Qg5+ 38. Kh1 Bh3 39. Qd2 Bf8 40. Ne4 Qg7 41.
Qf2 Kh8 42. Nd3 Bf5 43. Qg2 Bxe4 44. Qxg7+ Kxg7 45. fxe4 Kf6 46. Nb4 Bxb4 47.
cxb4 Ke6 48. h4 Kd6 49. Kg2 c5 50. bxc5+ Kxc5 51. Bd1 Kd4 52. Bxh5 Kxe4 53. Be8
a3 54. Bxb5 Kf5 55. Bd7+ Kg6 56. Bc6 Kf6 57. Kf3 {Black resigns} 1-0

[Event "Team 45 45 League T23"]
[Site "Internet Chess Club"]
[Date "2004.08.01"]
[Round "7"]
[White "Winclick"]
[Black "deathmage"]
[Result "0-1"]
[WhiteElo "1706"]
[BlackElo "1695"]
[TimeControl "2700+45"]

1. d4 Nf6 2. c4 e6 3. Nf3 b6 4. Nc3 Bb4 5. e3 Bb7 6. Be2 Ne4 7. Qc2 Bxc3+ 8.
bxc3 O-O 9. O-O d6 10. a4 a5 11. Ba3 Nd7 12. Rfd1 f5 13. Rab1 g5 14. Bd3 Rb8 15.
Nd2 Nxd2 16. Rxd2 Qe7 17. Re1 Nf6 18. d5 exd5 19. cxd5 Bxd5 20. Bxf5 Be4 21.
Bxe4 Nxe4 22. Rd4 Nxf2 23. Re2 c5 24. Rd5 Ne4 25. Qd3 Qf6 26. h3 Qf1+ 27. Kh2
Nf2 28. Rxg5+ Kh8 29. Qc2 Qh1+ 30. Kg3 Rg8 31. h4 h6 32. Rxg8+ Rxg8+ 33. Kxf2
Rxg2+ 34. Kf3 Qh3+ 35. Ke4 d5+ 36. Kxd5 Qd7+ 37. Kc4 Qg4+ 38. Kd3 c4+ {White
resigns} 0-1

[Event "Team 45 45 League T23"]
[Site "Internet Chess Club"]
[Date "2004.07.28"]
[Round "7"]
[White "Nikolay"]
[Black "MikkoN"]
[Result "1-0"]
[WhiteElo "2317"]
[BlackElo "1937"]
[TimeControl "2700+45"]

1. e4 g6 2. d4 Bg7 3. Nc3 d6 4. f4 Nf6 5. Nf3 c5 6. dxc5 Qa5 7. Bd3 Qxc5 8. Qe2
Bg4 9. Be3 Qa5 10. O-O O-O 11. Rad1 Nc6 12. Bc4 Nd7 13. Bb3 Nc5 14. Bd2 Nd4 15.
Qf2 Bxf3 16. gxf3 Ncxb3 17. axb3 Nxc2 18. Nd5 Qc5 19. Nxe7+ Kh8 20. Bc3 Bxc3 21.
bxc3 Ne3 22. Nd5 Nxd1 23. Rxd1 Qxf2+ 24. Kxf2 Rac8 25. Ke3 Rc5 26. Ra1 a6 27.
Kd4 Kg7 28. Ra2 f6 29. h4 Kh6 30. Rh2 a5 31. Ra2 Kh5 32. Rh2 Rf7 33. c4 b5 34.
e5 fxe5+ 35. fxe5 Rf5 36. exd6 Rc6 37. c5 Rf8 38. Ne7 Ra6 39. c6 a4 40. bxa4
bxa4 41. Kc5 a3 42. Ra2 Rxf3 43. d7 Ra8 44. c7 Rff8 45. Nc6 Kxh4 46. d8=Q+ Rfxd8
47. cxd8=Q+ Rxd8 48. Nxd8 g5 49. Ne6 g4 50. Kd4 g3 51. Nf4 Kg4 52. Ke3 h5 53.
Nxh5 Kxh5 54. Kf3 Kh4 55. Kg2 {Black resigns} 1-0

[Event "Team 45 45 League T23"]
[Site "Internet Chess Club"]
[Date "2004.08.03"]
[Round "7"]
[White "MicroKidA"]
[Black "Mika91"]
[Result "0-1"]
[WhiteElo "2140"]
[BlackElo "1897"]
[TimeControl "2700+45"]

1. e4 d6 2. d4 g6 3. Nc3 Bg7 4. Bg5 Nd7 5. f4 c5 6. d5 Qa5 7. Ne2 b5 8. Qd2 b4
9. Nd1 Ngf6 10. Ng3 h6 11. Bh4 O-O 12. Bd3 Re8 13. O-O c4 14. Be2 Qc5+ 15. Kh1
e6 16. dxe6 Rxe6 17. Bf3 Rb8 18. Nf2 Nh7 19. f5 Re8 20. fxg6 fxg6 21. e5 Nxe5
22. Nge4 Nxf3 23. gxf3 Qh5 24. Nxd6 Qxf3+ 25. Kg1 Re2 26. Qxe2 Qxe2 27. Rae1 Qh5
28. Re8+ Nf8 29. Bg3 Qc5 30. Ne4 Qb5 31. Nd6 Qc6 32. Nfe4 Bf5 33. Rxb8 Bd4+ 34.
Bf2 Be5 35. Bg3 Bxb2 36. Rc8 Bxc8 37. Nf6+ Bxf6 38. Rxf6 Bh3 39. Rf2 Qd5 {White
resigns} 0-1

[Event "Team 45 45 League T23"]
[Site "Internet Chess Club"]
[Date "2004.08.02"]
[Round "7"]
[White "Bennie90"]
[Black "VincentB"]
[Result "1-0"]
[WhiteElo "1911"]
[BlackElo "1507"]
[TimeControl "2700+45"]

1. d4 Nf6 2. Bg5 Ne4 3. Bf4 d5 4. e3 e6 5. Nd2 Nd6 6. Ngf3 Nd7 7. Bd3 c5 8. c3
Be7 9. O-O c4 10. Bc2 b5 11. b3 Bb7 12. Rb1 a6 13. Bxd6 Bxd6 14. bxc4 dxc4 15.
Nxc4 Qe7 16. a4 Bxf3 17. Nxd6+ Qxd6 18. Qxf3 O-O 19. axb5 axb5 20. Rxb5 Nf6 21.
Rfb1 Rfc8 22. e4 Qe7 {Black resigns} 1-0

[Event "Team 45 45 League T23"]
[Site "Internet Chess Club"]
[Date "2004.07.29"]
[Round "7"]
[White "WesleyCrusher"]
[Black "DeepHmmm"]
[Result "1/2-1/2"]
[WhiteElo "2182"]
[BlackElo "2169"]
[TimeControl "2700+45"]

1. e4 c6 2. Nc3 d5 3. d4 dxe4 4. Nxe4 Nd7 5. Nf3 Ngf6 6. Nxf6+ Nxf6 7. Be2 Bf5
8. O-O e6 9. c4 Be7 10. h3 O-O 11. Be3 Qc7 12. Bd3 Bxd3 13. Qxd3 Rfd8 14. Rfd1
c5 15. Qe2 Rac8 16. b3 b6 17. Rac1 h6 18. dxc5 Bxc5 19. Bd4 Bxd4 20. Nxd4 a6 21.
Nc2 Qf4 22. Qe3 Qxe3 23. Nxe3 Ne4 24. Kf1 a5 25. Rxd8+ Rxd8 26. Rd1 Rxd1+ 27.
Nxd1 Kf8 28. Ke2 Ke7 29. Ke3 f5 30. f3 Nf6 31. Nc3 e5 32. a3 Kd6 33. b4 g6 34.
Nd1 Kc6 35. Nf2 axb4 36. axb4 b5 37. Nd3 f4+ 38. Kd2 Nd7 39. Kc3 bxc4 40. Nb2
Kd5 41. Nxc4 e4 42. Nd2 e3 43. Ne4 g5 44. Kd3 Nb6 45. Nf6+ Kc6 46. Ng4 h5 47.
Nf6 Nd5 48. b5+ Kc5 49. Ne4+ Kxb5 50. Nxg5 Nb4+ 51. Ke2 Kc4 52. Ne6 Nd5 53. h4
Nc3+ 54. Ke1 Nd5 55. Ng7 Kd3 56. Nxh5 e2 57. g3 fxg3 58. Nxg3 Ke3 59. h5 Kxf3
60. Nxe2 Nf6 61. h6 Kg4 62. Nc3 Kh5 63. Kf2 {Game drawn by mutual agreement}
1/2-1/2

[Event "Team 45 45 League T23"]
[Site "Internet Chess Club"]
[Date "2004.08.02"]
[Round "7"]
[White "achessman"]
[Black "StormFront"]
[Result "0-1"]
[WhiteElo "2005"]
[BlackElo "2169"]
[TimeControl "2700+45"]

1. e4 c5 2. c3 Nf6 3. e5 Nd5 4. Nf3 d6 5. d4 cxd4 6. Bc4 e6 7. cxd4 dxe5 8. dxe5
Qa5+ 9. Bd2 Qc7 10. Qe2 Nb6 11. Bb3 Bd7 12. O-O Bc6 13. Bf4 Bd5 14. Nc3 Bxb3 15.
axb3 Nc6 16. Nb5 Qb8 17. Rfd1 Nd5 18. Rxd5 exd5 19. Qd2 Bb4 20. Nd6+ Qxd6 21.
exd6 Bxd2 22. Nxd2 O-O-O 23. Nf3 Rhe8 24. Kf1 a6 25. Rd1 Re4 26. Bg3 d4 27. Ng5
Rg4 28. Nf3 Re8 29. Nd2 h5 30. h3 Rg5 31. Nc4 f6 32. Nb6+ Kd8 33. Rd3 Rc5 34.
Kg1 Rc1+ 35. Kh2 g5 36. h4 Ree1 {White resigns} 0-1

[Event "Team 45 45 League T23"]
[Site "Internet Chess Club"]
[Date "2004.08.03"]
[Round "7"]
[White "Amauta"]
[Black "HadshiHalefOmar"]
[Result "1-0"]
[WhiteElo "2014"]
[BlackElo "1906"]
[TimeControl "2700+45"]

1. e4 d5 2. exd5 Qxd5 3. Nc3 Qa5 4. Nf3 Nf6 5. Bb5+ c6 6. Bc4 Bg4 7. h3 Bh5 8.
d3 e6 9. Bd2 Qc7 10. Qe2 Nbd7 11. g4 Bg6 12. O-O-O O-O-O 13. Rhe1 Bd6 14. Be3
Nb6 15. Bb3 Bb4 16. Bd4 Rxd4 17. Nxd4 Bxc3 18. bxc3 Nbd5 19. Kb2 Nf4 20. Qf3 Rd8
21. Ne2 N4d5 22. Rb1 Qe5 23. Qg3 Qxg3 24. fxg3 h5 25. Bxd5 Nxd5 26. c4 Nb4 27.
Nf4 hxg4 28. Nxg6 fxg6 29. hxg4 Kd7 30. Kc3 a5 31. a3 Na6 32. Rxb7+ Nc7 33. Rf1
{Black resigns} 1-0

[Event "Team 45 45 League T23"]
[Site "Internet Chess Club"]
[Date "2004.08.01"]
[Round "7"]
[White "tourettes"]
[Black "jimspy"]
[Result "1-0"]
[WhiteElo "1805"]
[BlackElo "1835"]
[TimeControl "2700+45"]

1. e4 c5 2. Nc3 a6 3. g3 b5 4. a3 Bb7 5. Bg2 d6 6. d3 Nf6 7. h3 Nbd7 8. Be3 e5
9. Qd2 Be7 10. Nge2 Qc7 11. O-O Rd8 12. f4 h6 13. Kh2 Nb6 14. Ng1 Bc8 15. Qf2
Be6 16. Nf3 g5 17. f5 Bc8 18. b4 Kd7 19. Rad1 Rdg8 20. Nd2 Ke8 21. bxc5 dxc5 22.
Nb3 Nbd7 23. Nd5 Nxd5 24. exd5 f6 25. c4 bxc4 26. dxc4 a5 27. Qd2 Bd6 28. Qxa5
Qxa5 29. Nxa5 Ba6 30. Rb1 Kf7 31. Nb7 Bxb7 32. Rxb7 Ke7 33. Rfb1 Rb8 34. Rxb8
Rxb8 35. Rxb8 Nxb8 36. Be4 Kd7 37. Bd2 Kc7 38. h4 Kb6 39. Kh3 Kc7 40. hxg5 hxg5
41. Bc2 Be7 42. Ba4 Kd6 43. Bb5 e4 44. Bc3 Bd8 45. a4 Kc7 46. a5 Kb7 47. Kg2 Na6
48. Kf2 Nc7 49. Bc6+ Kc8 50. d6 Na6 51. Bxe4 Kd7 52. Bb7 Nb8 53. Kf3 Kxd6 54.
Ke4 Nc6 55. a6 Na7 56. g4 Be7 57. Ba5 Nc6 58. Bxc6 Kxc6 59. a7 Kb7 60. a8=Q+
Kxa8 61. Kd5 Kb7 62. Ke6 Bf8 63. Kxf6 Kc6 64. Kxg5 Kd6 65. Bc3 Ke7 66. Kg6
{Black resigns} 1-0

[Event "Team 45 45 League T23"]
[Site "Internet Chess Club"]
[Date "2004.08.01"]
[Round "7"]
[White "Chess2Play"]
[Black "viking99"]
[Result "1/2-1/2"]
[WhiteElo "1675"]
[BlackElo "1796"]
[TimeControl "2700+45"]

1. d4 Nf6 2. c4 g6 3. Nc3 d5 4. cxd5 Nxd5 5. Nxd5 Qxd5 6. Nf3 Bg7 7. Bf4 Qa5+ 8.
Qd2 Qb6 9. e3 O-O 10. Rc1 c6 11. Be5 Bh6 12. b3 Bg4 13. Be2 Nd7 14. Bg3 Rac8 15.
Ne5 Nxe5 16. Bxe5 Bxe2 17. Qxe2 c5 18. O-O Qe6 19. Qc4 Qf5 20. Qc2 Qe6 21. Qc4
Qf5 22. Qc2 Qh5 23. Qc4 cxd4 24. Qxc8 Rxc8 25. Rxc8+ Bf8 26. Bxd4 b6 27. Rfc1 f6
28. g3 Qa5 29. R1c2 Qe1+ 30. Kg2 Qb1 31. R8c7 e5 32. Bb2 Bc5 33. Rd2 Qe4+ 34. f3
Qxe3 35. Rd8+ Bf8 36. Ba3 Qe2+ 37. Kh3 Qf1+ 38. Kg4 h5+ 39. Kh4 g5+ 40. Kxh5
Qh3+ 41. Kg6 Qh6+ 42. Kf5 Qh3+ 43. Kg6 Qh6+ 44. Kf5 Qh3+ 45. Kg6 {Game drawn by
repetition} 1/2-1/2

[Event "Team 45 45 League T23"]
[Site "Internet Chess Club"]
[Date "2004.07.29"]
[Round "7"]
[White "forku2"]
[Black "Xidnan"]
[Result "1/2-1/2"]
[WhiteElo "1621"]
[BlackElo "1664"]
[TimeControl "2700+45"]

1. d4 d5 2. Nf3 Nf6 3. Bg5 e6 4. e3 Be7 5. Bd3 O-O 6. Nbd2 c5 7. c3 Nc6 8. O-O
b6 9. Qe2 Bb7 10. dxc5 bxc5 11. e4 Qc7 12. e5 Nd7 13. Bxe7 Nxe7 14. Rfe1 Ng6 15.
Qe3 Qb6 16. Nf1 c4 17. Qxb6 axb6 18. Bxg6 hxg6 19. Nd4 Nc5 20. Ne3 Nd3 21. Re2
Nxe5 22. Nxd5 Bxd5 23. Rxe5 Rab8 24. a4 Rb7 25. Nc2 Ra7 26. Nb4 Rd8 27. f3 b5
28. a5 f6 29. Re2 Rda8 30. a6 Rd8 31. Kf2 Kf7 32. Ra5 Rb8 33. Rd2 Rb6 34. Nxd5
exd5 35. Rxd5 b4 36. Rdb5 Rxb5 37. Rxb5 bxc3 {Game drawn by mutual agreement}
1/2-1/2

[Event "Team 45 45 League T23"]
[Site "Internet Chess Club"]
[Date "2004.07.29"]
[Round "7"]
[White "mitdale"]
[Black "Schach-Prinz"]
[Result "1-0"]
[WhiteElo "1664"]
[BlackElo "1380"]
[TimeControl "2700+45"]

1. e4 e5 2. Nf3 d6 3. d4 Nd7 4. Bc4 h6 5. Nc3 Be7 6. O-O Ngf6 7. Re1 b6 8. Nd5
Bb7 9. Nc3 a5 10. h3 O-O 11. Be3 Nxe4 12. Nxe4 Bxe4 13. dxe5 Bxf3 14. Qxf3 Nxe5
15. Qe4 Bf6 16. Bb3 Ng6 17. Qxg6 Bxb2 18. Rab1 Bc3 19. Bxh6 Bxe1 20. Qxg7#
{Black checkmated} 1-0

[Event "Team 45 45 League T23"]
[Site "Internet Chess Club"]
[Date "2004.07.31"]
[Round "7"]
[White "Mississippian"]
[Black "Garry"]
[Result "0-1"]
[WhiteElo "1411"]
[BlackElo "1498"]
[TimeControl "2700+45"]

1. c4 e5 2. Nc3 Nf6 3. e4 Bc5 4. Nf3 Nc6 5. Be2 d6 6. O-O Nd4 7. Nxd4 Bxd4 8.
Nd5 Nxe4 9. d3 Nxf2 10. Rxf2 Bxf2+ 11. Kxf2 c6 12. Nc3 O-O 13. Be3 Be6 14. Qb3
b6 15. Rf1 d5 16. cxd5 cxd5 17. d4 exd4 18. Bxd4 Qh4+ 19. Kg1 Qxd4+ 20. Kh1 Qe5
21. Qc2 Rac8 22. Qd2 f6 23. Ba6 Rce8 24. Nb5 Qg5 25. Qc3 Bc8 26. Qa3 Bxa6 27.
Qxa6 Re2 28. Rg1 Rxb2 29. Nc7 Qf5 30. Qxa7 Rb1 31. Qb7 Rxg1+ 32. Kxg1 Qe5 33.
Qxd5+ Qxd5 34. Nxd5 b5 35. Nb4 Ra8 36. Kf2 Ra4 {White resigns} 0-1

[Event "Team 45 45 League T23"]
[Site "Internet Chess Club"]
[Date "2004.08.02"]
[Round "7"]
[White "erebus"]
[Black "claymil"]
[Result "1-0"]
[WhiteElo "1957"]
[BlackElo "1656"]
[TimeControl "2700+45"]

1. d4 d5 2. Nf3 Nf6 3. e3 e6 4. c4 b6 5. Nc3 Bb7 6. Bd3 dxc4 7. Bxc4 Be7 8. O-O
O-O 9. Re1 c5 10. b3 Nbd7 11. Bb2 a6 12. a4 Ne4 13. d5 Nxc3 14. Bxc3 exd5 15.
Bxd5 Bxd5 16. Qxd5 Nf6 17. Qb7 Qd3 18. Be5 Rfe8 19. Qxb6 Nd5 20. Qb7 Nb4 21.
Rad1 Qxb3 22. Rd7 Qe6 23. Red1 Rad8 24. Rxd8 Rxd8 25. Rxd8+ Bxd8 26. Qb8 Qd7 27.
Qd6 Qxd6 28. Bxd6 Nd3 29. Nd2 f5 30. Nc4 Kf7 31. Kf1 Be7 32. Ke2 Bxd6 33. Nxd6+
Ke6 34. Kxd3 Kxd6 35. Kc4 g5 36. h3 h5 37. f3 Kc6 38. g3 Kb6 39. e4 fxe4 40.
fxe4 Kc6 41. e5 a5 42. g4 hxg4 43. hxg4 Kd7 44. Kxc5 Ke6 45. Kd4 Kf7 46. Kd5 Ke7
47. e6 Ke8 48. Ke5 Ke7 49. Kf5 Kd6 50. Kf6 {Black resigns} 1-0

[Event "Team 45 45 League T23"]
[Site "Internet Chess Club"]
[Date "2004.08.01"]
[Round "7"]
[White "hondocando"]
[Black "Zolbalus"]
[Result "0-1"]
[WhiteElo "1617"]
[BlackElo "1722"]
[TimeControl "2700+45"]

1. e4 c5 2. Nf3 Nc6 3. d4 cxd4 4. Nxd4 Nf6 5. Nc3 e5 6. Ndb5 d6 7. Bg5 a6 8. Na3
b5 9. Bxf6 gxf6 10. Nd5 f5 11. c3 Bg7 12. Bd3 Be6 13. Qh5 O-O 14. O-O f4 15. Nc2
f5 16. Ne1 Bxd5 17. exd5 Ne7 18. g4 e4 19. Bc2 Qe8 20. Qh3 Qg6 21. Qh5 Qxh5 22.
gxh5 Kh8 23. Rd1 f3 24. Bb1 Rg8 25. Kh1 Be5 26. Nc2 Rg2 27. Ne3 Rxh2+ 28. Kg1
Rg8+ 29. Ng2 Rgxg2# {White checkmated} 0-1

[Event "Team 45 45 League T23"]
[Site "Internet Chess Club"]
[Date "2004.08.02"]
[Round "7"]
[White "Agent911"]
[Black "PatrookMcKnight"]
[Result "1-0"]
[WhiteElo "1584"]
[BlackElo "1640"]
[TimeControl "2700+45"]

1. c4 e6 2. g3 d5 3. cxd5 exd5 4. Bg2 Nf6 5. Nf3 h6 6. O-O Be6 7. d4 c5 8. e3
Nc6 9. Nc3 cxd4 10. Nxd4 Nxd4 11. Qxd4 b6 12. b4 a5 13. Ba3 Rc8 14. Rfd1 Rc4 15.
Qd3 axb4 16. Nxd5 Bxd5 17. Bxd5 bxa3 18. Qxc4 Nxd5 19. Rxd5 Bd6 20. Qc6+ Ke7 21.
Rad1 Qc7 22. Qxc7+ Bxc7 23. Rd7+ Kf6 24. Rxc7 Re8 25. Rd6+ Ke5 26. Rxb6 Rd8 27.
Rc5+ Ke4 28. Kg2 Rd2 29. Rb4+ Kd3 30. Rd5+ Kc2 31. Rxd2+ Kxd2 32. Rb3 Kc2 33.
Rxa3 Kb2 34. Ra7 Kc3 35. Rxf7 g5 36. a4 Kb4 37. Rh7 Kxa4 38. Rxh6 Kb3 39. Rg6
Kc4 40. Rxg5 Kd3 41. Kf3 Kc4 42. Ke4 Kc3 43. Rc5+ Kb4 44. Kd4 Kb3 45. Rc4 Kb2
46. Rc3 Ka2 47. Kc4 Kb2 48. Kd3 Ka2 49. Kc2 Ka1 50. Ra3# {Black checkmated} 1-0

[Event "Team 45 45 League T23"]
[Site "Internet Chess Club"]
[Date "2004.08.02"]
[Round "7"]
[White "Lothar"]
[Black "dawgfish"]
[Result "1-0"]
[WhiteElo "1524"]
[BlackElo "1151"]
[TimeControl "2700+45"]

1. Nf3 Nf6 2. g3 g6 3. d4 Bg7 4. c4 d6 5. Bg2 O-O 6. Nc3 c5 7. O-O cxd4 8. Nxd4
Bd7 9. Bxb7 Na6 10. Bxa8 Qxa8 11. f3 Bh3 12. e4 Bxf1 13. Kxf1 e5 14. Ndb5 Qc6
15. b3 Rd8 16. Nd5 Nxd5 17. Qxd5 Qd7 18. Ba3 Qh3+ 19. Kg1 h5 20. Nxd6 h4 21. Qd2
hxg3 22. hxg3 Bh6 23. Qf2 Nc7 24. Re1 Ne6 25. Qh2 Qxh2+ 26. Kxh2 Bf8 27. c5 Ng5
28. Kg2 Kg7 29. Rd1 Ne6 30. Bb2 Nxc5 31. Nf5+ gxf5 32. Rxd8 fxe4 33. Bxe5+ Kg8
34. Bd6 Ne6 35. Rxf8+ Kg7 36. Ra8 e3 37. Rxa7 Ng5 38. a4 Ne6 39. Re7 e2 40. Kf2
Nd4 41. Be5+ Kf8 42. Rxf7+ Kxf7 43. Bxd4 e1=Q+ 44. Kxe1 {Black resigns} 1-0

[Event "Team 45 45 League T23"]
[Site "Internet Chess Club"]
[Date "2004.08.01"]
[Round "7"]
[White "gartman"]
[Black "Koronin"]
[Result "1-0"]
[WhiteElo "1776"]
[BlackElo "1662"]
[TimeControl "2700+45"]

1. e4 e5 2. Nf3 Nf6 3. Nxe5 d6 4. Nf3 Nxe4 5. Bd3 Qe7 6. Qe2 Nf6 7. O-O Qxe2 8.
Bxe2 Be7 9. d4 O-O 10. c4 d5 11. Nc3 dxc4 12. Bxc4 Bg4 13. Ne5 Nc6 14. Nxg4 Nxg4
15. d5 Nce5 16. Be2 Bd6 17. f4 Bc5+ 18. Kh1 Nf2+ 19. Rxf2 Bxf2 20. fxe5 Bd4 21.
Bf4 Rfe8 22. Bb5 Re7 23. d6 cxd6 24. exd6 Re6 25. Rd1 Bb6 26. Nd5 Ba5 27. b4 Bd8
28. Nc7 a6 29. Nxe6 axb5 30. Nxd8 Rxd8 31. Re1 b6 32. d7 Kf8 33. Bd6+ {Black
resigns} 1-0

[Event "Team 45 45 League T23"]
[Site "Internet Chess Club"]
[Date "2004.07.31"]
[Round "7"]
[White "BenjaminSisko"]
[Black "Bookkeeper"]
[Result "1-0"]
[WhiteElo "1603"]
[BlackElo "1528"]
[TimeControl "2700+45"]

1. Nf3 c5 2. e4 Nc6 3. g3 e5 4. Bg2 Nf6 5. d3 d6 6. c3 Be7 7. O-O O-O 8. Nbd2 b6
9. Nc4 b5 10. Ne3 Be6 11. Ng5 d5 12. Nxe6 fxe6 13. Qb3 Rb8 14. exd5 exd5 15.
Nxd5 Kh8 16. Nxf6 c4 17. dxc4 bxc4 18. Qxc4 Na5 19. Qd5 Bxf6 20. b4 Nb7 21. Bb2
Qb6 22. Qc6 Nd6 23. Rad1 Nc4 24. Qxc4 {Black resigns} 1-0

[Event "Team 45 45 League T23"]
[Site "Internet Chess Club"]
[Date "2004.08.01"]
[Round "7"]
[White "PostMike"]
[Black "MrAnderssen"]
[Result "1-0"]
[WhiteElo "1550"]
[BlackElo "1542"]
[TimeControl "2700+45"]

1. e4 c5 2. Nf3 Nc6 3. d4 cxd4 4. Nxd4 e5 5. Nb5 a6 6. Nd6+ Bxd6 7. Qxd6 Qf6 8.
Qa3 Nge7 9. Bc4 Nd4 10. Qd3 O-O 11. Nc3 b5 12. Nd5 Nxd5 13. Bxd5 Rb8 14. Be3 Bb7
15. Bxb7 Rxb7 16. Bxd4 exd4 17. O-O Rc7 18. f4 Qb6 19. Rf2 Rfc8 20. Rd1 Qa5 21.
a3 b4 22. Qxd4 bxa3 23. bxa3 Qxa3 24. Ra1 Qc5 25. Qxc5 Rxc5 26. Rxa6 f6 27. Ra2
Rb8 28. Rd2 Rc4 29. Rxd7 Rxe4 30. g3 Re2 31. Rd1 Kf7 32. h4 Kg6 33. Rf1 Rd8 34.
Rf2 Rd1+ 35. Kg2 Ree1 36. c4 Kf5 37. Rfd2 Rg1+ 38. Kf3 Rdf1+ 39. Rf2 Rc1 40.
Rac2 Rcd1 41. c5 Rd3+ 42. Ke2 Rgxg3 43. c6 Rge3+ 44. Kf1 Rc3 45. c7 Rxc2 46.
Rxc2 Re8 47. c8=Q+ Rxc8 48. Rxc8 h6 49. Rc4 Kg4 50. Kg2 Kxh4 51. Kf3 Kh5 52. Rc1
Kg6 53. Rg1+ Kf7 54. f5 Kg8 55. Kg4 Kh7 56. Kh5 Kg8 57. Kg6 Kf8 58. Ra1 {Black
resigns} 1-0

[Event "Team 45 45 League T23"]
[Site "Internet Chess Club"]
[Date "2004.08.01"]
[Round "7"]
[White "ChessicStudent"]
[Black "Knight77"]
[Result "0-1"]
[WhiteElo "1556"]
[BlackElo "1869"]
[TimeControl "2700+45"]

1. Nf3 d5 2. g3 Nf6 3. Bg2 g6 4. O-O Bg7 5. d3 O-O 6. Nbd2 c5 7. Re1 Nc6 8. e4
Re8 9. Nh4 e5 10. b3 d4 11. a4 Bg4 12. f3 Be6 13. Nc4 Qd7 14. f4 Bh6 15. fxe5
Bg4 16. Nf3 Bxc1 17. Qxc1 Nh5 18. Qg5 Kg7 19. e6 Qxe6 20. Qxc5 b6 21. Qa3 h6 22.
Qd6 a5 23. Qxe6 Rxe6 24. Nxb6 Rd8 25. Nd5 Nf6 26. Nxf6 Kxf6 27. h3 Bxf3 28. Rf1
Ke7 29. Rxf3 Ne5 30. Rf2 Rc8 31. h4 Rec6 32. Rc1 Nxd3 33. cxd3 Rxc1+ 34. Kh2
R1c3 35. Rd2 Rxb3 36. Bh3 Rcc3 37. Bf1 Ra3 38. Kg2 Rxa4 39. Kf3 Ra1 40. Bh3 a4
41. Bc8 Rxc8 {White resigns} 0-1

[Event "Team 45 45 League T23"]
[Site "Internet Chess Club"]
[Date "2004.08.02"]
[Round "7"]
[White "Pilgrim"]
[Black "jks2000"]
[Result "1/2-1/2"]
[WhiteElo "1624"]
[BlackElo "1579"]
[TimeControl "2700+45"]

1. d4 e6 2. g3 d5 3. Bg2 c5 4. Nf3 Nc6 5. O-O Qb6 6. c3 Nh6 7. Re1 cxd4 8. Nxd4
Bc5 9. e3 a5 10. Nd2 a4 11. b4 axb3 12. N2xb3 Be7 13. e4 Na5 14. exd5 Nxb3 15.
Qxb3 Qxb3 16. Nxb3 Ra6 17. a4 O-O 18. Ba3 Re8 19. Bxe7 Rxe7 20. dxe6 Bxe6 21.
Nc5 Rb6 22. a5 Rb5 23. Rad1 g6 24. Nxe6 fxe6 25. Rb1 Rxa5 26. Rxb7 Rxb7 27. Bxb7
Rc5 28. Rxe6 Rxc3 29. Bd5 Kf8 30. h3 Nf5 31. Rf6+ Ke7 32. Rf7+ Kd6 33. Be4 Nxg3
34. fxg3 Rxg3+ 35. Bg2 h6 36. Kf2 Rg5 37. Be4 Ke6 38. Ra7 Ke5 39. Bf3 Rf5 40.
Ra5+ Kf6 41. Ra6+ Kg5 42. Kg3 Rf6 43. Ra5+ Rf5 44. Ra6 Rf6 45. h4+ Kf5 46. Bg4+
Ke5 47. Ra5+ Kd6 48. Ra7 g5 49. Ra6+ Ke7 50. Rxf6 Kxf6 51. h5 Kg7 52. Kf3 Kf6
53. Ke4 Kg7 54. Ke5 Kh8 55. Kf6 Kh7 56. Bf5+ Kh8 57. Kg6 Kg8 58. Kxh6 Kh8 59.
Kxg5 Kg8 60. Kh6 Kh8 61. Bg6 Kg8 62. Bf7+ Kh8 {Game drawn by mutual agreement}
1/2-1/2

[Event "Team 45 45 League T23"]
[Site "Internet Chess Club"]
[Date "2004.07.30"]
[Round "7"]
[White "ebattousai"]
[Black "Smart"]
[Result "1-0"]
[WhiteElo "1508"]
[BlackElo "1503"]
[TimeControl "2700+45"]

1. e4 c5 2. d4 cxd4 3. c3 dxc3 4. Nxc3 Nc6 5. Nf3 d6 6. Bc4 Bg4 7. Bxf7+ Kxf7 8.
Ng5+ Ke8 9. Qxg4 Qd7 10. Qd1 h6 11. Qh5+ Kd8 12. Nf7+ Kc7 13. Nd5+ Kb8 14. Nxh8
Nd4 15. O-O e6 16. Nc3 Nf6 17. Qf7 Qd8 18. Ng6 Nd7 19. Rd1 e5 20. Be3 Nc2 21.
Rac1 Nxe3 22. fxe3 a6 23. Nd5 Ka7 24. Rc7 Nc5 25. b4 Rc8 26. Rxc8 Qxc8 27. bxc5
Qg4 28. Qf3 Qxg6 29. Qf5 Qe8 30. Rf1 Be7 31. Qf7 Qxf7 32. Rxf7 Bd8 33. cxd6 Bb6
34. Nxb6 Kxb6 35. d7 Kc7 36. Rxg7 b5 37. Kf2 a5 38. Ke2 b4 39. Kd2 a4 40. Kc2
b3+ 41. axb3 axb3+ 42. Kxb3 h5 43. Kc4 h4 44. Kd5 h3 45. g3 Kd8 46. Kxe5 Kc7 47.
Ke6 Kd8 48. Rg8+ {Black resigns} 1-0

[Event "Team 45 45 League T23"]
[Site "Internet Chess Club"]
[Date "2004.07.31"]
[Round "7"]
[White "lucke"]
[Black "Gomer"]
[Result "1-0"]
[WhiteElo "1494"]
[BlackElo "1436"]
[TimeControl "2700+45"]

1. Nf3 e6 2. d3 Nf6 3. g3 Nc6 4. Bg2 Be7 5. O-O O-O 6. e4 b6 7. e5 Ng4 8. d4 d5
9. Nh4 Bxh4 10. Qxg4 Be7 11. Bh6 Bf6 12. exf6 Qxf6 13. Be3 Nb4 14. Na3 c5 15. c3
Nd3 16. b3 Ba6 17. c4 Bc8 18. Qg5 Qxg5 19. Bxg5 cxd4 20. Rad1 Nb4 21. Rxd4 Nxa2
22. cxd5 exd5 23. Bxd5 Rb8 24. Bf4 Ba6 25. Rfd1 Rbc8 26. Bc4 Bb7 27. Nb5 Bf3 28.
R1d3 Bc6 29. Nxa7 Rfe8 30. Nxc6 {Black resigns} 1-0